Map: Kairos Junction LE

Players

西門夜說 - Winner!

  • Race: Terran Terran
  • League: Platinum
  • Spawn Location: 5:00

Taku

  • Race: Protoss Protoss
  • League: Gold
  • Spawn Location: 11:00

VOD

Have the link to the VOD?

Description

takuan負けた

Time

  • Played on: May 9, 2019, 10:22 a.m.
  • Length: 16:31
Show
View Real Time Build Order
Export as new Build Order

西門夜說 Terran - Winner!

Build Orders: Gas First Reaper Expand, Mech 

Get SALT Encoding   

  12  0:00  SCV  
  13  0:13  SCV  
  14  0:19  Supply Depot  
  14  0:25  SCV  
  15  0:31  Refinery  
  15  0:41  SCV  
  16  0:46  Barracks  
  16  0:53  SCV  
  17  1:05  SCV  
  18  1:19  Refinery  
  18  1:22  SCV  
  19  1:33  Reaper  
  19  1:35  Orbital Command  
  20  2:00  Command Center  
  20  2:03  SCV  
  21  2:14  Marine  
  22  2:17  SCV  
  22  2:21  Supply Depot, Bunker  
  23  2:33  Factory  
  23  2:37  Refinery, Barracks Reactor  
  23  2:43  SCV  
  24  2:57  SCV  
  25  3:09  SCV  
  26  3:13  Orbital Command  
  26  3:14  Marine  
  26  3:15  Marine  
  28  3:29  Factory Tech Lab  
  28  3:32  Marine  
  29  3:39  SCV  
  30  3:43  Starport  
  30  3:45  SCV  
  31  3:51  SCV  
  31  3:52  Engineering Bay  
  31  3:53  Siege Tank  
  35  3:57  SCV  
  36  4:03  SCV, Supply Depot  
  36  4:05  Marine x2  
  36  4:09  SCV  
  40  4:10  Refinery  
  40  4:15  SCV  
  41  4:21  SCV  
  42  4:25  Supply Depot  
  42  4:30  SCV  
  42  4:31  Siege Tank  
  42  4:32  Starport Tech Lab  
  42  4:33  Marine  
  42  4:34  Marine  
  47  4:39  Missile Turret  
  47  4:40  SCV  
  47  4:42  SCV  
  49  4:46  Supply Depot  
  49  4:47  Supply Depot  
  49  4:49  Supply Depot  
  49  4:52  SCV  
  50  4:55  Raven  
  50  4:57  SCV  
  53  5:01  Marine  
  53  5:02  Marine  
  53  5:03  Siege Tank  
  58  5:10  Supply Depot  
  57  5:17  SCV  
  57  5:18  SCV  
  59  5:21  Marine x2  
  61  5:29  SCV  
  61  5:30  SCV, Supply Depot  
  61  5:34  Refinery  
  63  5:35  Siege Tank  
  63  5:38  Viking  
  63  5:39  Marine x2  
  63  5:41  SCV  
  71  5:43  SCV  
  72  5:53  SCV  
  72  5:55  SCV  
  74  5:57  Marine x2  
  74  6:02  Command Center  
  76  6:06  Factory  
  76  6:12  Factory  
  76  6:13  SCV x2  
  78  6:25  SCV x2  
  80  6:26  Supply Depot  
  80  6:27  Supply Depot  
  80  6:28  Missile Turret  
  80  6:30  Siege Tank  
  80  6:31  Mag-Field Accelerator  
  83  6:34  Missile Turret  
  83  6:37  SCV x2, Armory  
  85  6:44  Armory  
  85  6:49  SCV x2  
  85  6:52  Factory Tech Lab  
  87  7:05  SCV  
  87  7:06  Cyclone x2  
  94  7:16  SCV  
  94  7:19  Siege Tank  
  98  7:33  SCV x2  
  100  7:38  Siege Tank  
  103  7:49  SCV x2  
  101  7:55  Siege Tank x2  
  101  7:56  Refinery x2  
  107  8:03  SCV  
  107  8:04  Orbital Command  
  108  8:10  Supply Depot x2  
  108  8:11  Supply Depot  
  108  8:12  SCV, Missile Turret  
  109  8:15  Terran Vehicle And Ship Armor Level 1, SCV, Terran Vehicle Weapons Level 1  
  110  8:24  SCV, Bunker  
  111  8:27  SCV  
  111  8:30  SCV  
  111  8:32  Bunker  
  113  8:34  Bunker  
  113  8:35  Siege Tank x2, Missile Turret  
  113  8:36  SCV  
  113  8:39  SCV  
  121  8:44  SCV, Factory  
  121  8:48  SCV  
  123  8:51  SCV  
  123  8:53  Missile Turret  
  123  8:54  Missile Turret  
  124  8:58  Hellion  
  125  9:06  Starport Tech Lab  
  125  9:13  Cyclone x2  
  125  9:14  SCV  
  125  9:15  SCV x2  
  134  9:19  Cyclone  
  135  9:26  SCV  
  136  9:41  Command Center  
  136  9:45  Cyclone x2  
  141  9:48  Command Center  
  141  9:50  Command Center  
  141  9:51  Cyclone  
  141  9:52  Factory  
  144  9:53  Factory  
  144  9:55  Factory  
  144  10:17  Cyclone x2  
  144  10:18  Terran Vehicle Weapons Level 2, Terran Vehicle And Ship Armor Level 2  
  150  10:23  Siege Tank  
  150  10:27  Missile Turret  
  153  10:30  Missile Turret  
  152  10:49  Siege Tank x2, Factory Tech Lab x3  
  152  11:07  Cyclone x3  
  152  11:08  SCV x2, Cyclone  
  166  11:25  Refinery  
  166  11:28  Refinery  
  166  11:38  Planetary Fortress  
  166  11:45  Command Center  
  166  11:49  Planetary Fortress  
  166  11:52  Command Center x2  
  166  11:54  Orbital Command, Command Center  
  166  11:55  Missile Turret  
  166  11:56  Missile Turret  
  166  11:59  SCV x3  
  169  12:01  Sensor Tower  
  169  12:11  SCV x3  
  169  12:15  Drilling Claws  
  172  12:16  Smart Servos  
  172  12:17  Infernal Pre-Igniter  
  172  12:23  SCV  
  172  12:28  Factory x2, Cyclone  
  172  12:29  Cyclone x2  
  182  12:34  Factory  
  182  12:36  Factory  
  148  12:42  Cyclone x2  
  136  12:52  Cyclone  
  139  13:01  Cyclone x2  
  144  13:08  Cyclone  
  144  13:09  Orbital Command  
  147  13:14  Cyclone  
  147  13:15  Refinery  
  147  13:17  Refinery  
  150  13:22  Widow Mine x2  
  150  13:23  Widow Mine x3  
  150  13:25  Orbital Command, Widow Mine, Planetary Fortress  
  162  13:27  Orbital Command  
  162  13:32  Missile Turret  
  162  13:35  Neosteel Armor  
  162  13:38  Cyclone x2, Missile Turret  
  162  13:39  Missile Turret  
  168  13:49  Engineering Bay  
  168  13:54  Engineering Bay x2  
  168  13:58  Widow Mine x2  
  166  14:25  Command Center  
  166  14:26  Command Center  
  166  14:28  Command Center  
  166  14:30  Factory Tech Lab, Factory Reactor  
  166  14:33  Factory Tech Lab x2  
  166  14:37  Cyclone x6  
  178  15:09  Cyclone  
  177  15:15  Hi-Sec Auto Tracking  
  171  15:22  Command Center  
  170  15:31  Engineering Bay  
  170  15:40  Orbital Command  
  170  15:41  Planetary Fortress, Missile Turret x2  
  170  15:42  Orbital Command  
  170  16:02  Missile Turret x2  
  170  16:03  Missile Turret  
  170  16:04  Missile Turret  
  170  16:06  Widow Mine  
  169  16:25  Missile Turret  
  169  16:28  Missile Turret  
Show
View Real Time Build Order
Export as new Build Order

Taku Protoss 

Build Orders: Blink Stalkers 

Get SALT Encoding   

  12  0:02  Probe  
  13  0:14  Probe  
  13  0:18  Pylon  
  14  0:22  Probe  
  15  0:32  Probe  
  15  0:37  Gateway  
  16  0:43  Probe  
  16  0:46  Assimilator  
  17  0:55  Probe  
  18  1:07  Probe  
  19  1:20  Probe  
  20  1:32  Zealot  
  20  1:38  Cybernetics Core  
  22  1:50  Probe  
  23  1:58  Nexus  
  23  2:05  Probe  
  23  2:16  Assimilator  
  23  2:19  Pylon  
  23  2:30  Adept  
  24  2:47  Warp Gate  
  24  2:52  Twilight Council  
  24  3:11  Probe x2  
  26  3:13  Stalker  
  28  3:29  Probe x2  
  30  3:41  Probe x2  
  30  3:45  Blink  
  32  3:53  Probe  
  32  3:54  Probe  
  34  3:59  Gateway  
  34  4:00  Gateway  
  32  4:10  Stalker  
  32  4:28  Probe  
  31  4:32  Probe  
  33  4:42  Probe  
  34  4:45  Probe  
  35  4:54  Probe  
  35  4:56  Stalker  
  35  4:57  Stalker x2, Probe  
  43  5:03  Pylon  
  43  5:13  Probe x2  
  43  5:21  Probe x2  
  43  5:24  Robotics Facility  
  45  5:29  Pylon  
  45  5:35  Pylon  
  45  5:36  Shield Battery  
  45  5:38  Probe x2  
  47  5:42  Assimilator  
  47  5:43  Pylon  
  47  5:50  Probe x2, Pylon  
  49  6:01  Charge  
  49  6:02  Forge  
  49  6:03  Forge  
  50  6:04  Probe x2  
  51  6:14  Gateway x2  
  51  6:15  Observer  
  51  6:17  Pylon  
  51  6:18  Probe x2  
  54  6:23  Assimilator  
  54  6:33  Observer  
  54  6:35  Nexus  
  54  6:37  Pylon  
  55  6:47  Probe  
  55  6:51  Probe  
  55  6:53  Observer  
  58  7:06  Protoss Ground Weapons Level 1, Protoss Ground Armor Level 1  
  58  7:07  Zealot x2  
  58  7:08  Stalker  
  63  7:17  Observer, Probe x2  
  65  7:22  Stalker  
  65  7:23  Stalker  
  65  7:28  Observer  
  69  7:34  Observer  
  70  7:49  Zealot x3  
  70  7:50  Zealot  
  78  7:52  Probe x3  
  78  7:56  Observer  
  81  8:04  Probe x3  
  85  8:07  Stalker  
  87  8:16  Probe x2  
  89  8:22  Observer  
  90  8:27  Probe  
  90  8:28  Probe x2  
  90  8:31  Templar Archives  
  90  8:32  Warp Prism  
  93  8:40  Probe x2  
  95  8:46  Stalker, Observer  
  98  8:56  Pylon  
  98  8:59  Shield Battery  
  98  9:32  Probe  
  98  9:33  Probe x2  
  98  9:35  Assimilator  
  98  9:36  Observer  
  98  9:37  Assimilator  
  101  10:01  Probe x2  
  103  10:11  Nexus  
  103  10:13  Zealot x3  
  103  10:14  Zealot x2, Pylon  
  113  10:19  Nexus  
  113  10:20  Gateway, Pylon  
  113  10:21  Gateway  
  113  10:23  Gateway  
  113  10:25  Gateway  
  113  10:34  Stalker x5  
  121  10:38  Psionic Storm  
  98  10:50  Warp Prism  
  99  10:57  Pylon  
  99  11:03  Protoss Ground Weapons Level 2  
  99  11:04  Zealot x4, Protoss Ground Armor Level 2  
  99  11:05  Zealot  
  109  11:15  Probe  
  110  11:24  Observer  
  110  11:31  Pylon  
  110  11:32  Pylon  
  109  11:33  Pylon  
  109  11:40  Pylon  
  109  11:42  Pylon  
  109  11:48  Nexus  
  109  11:51  Pylon  
  109  11:54  Zealot x3  
  109  11:55  Stalker x4  
  109  11:56  Zealot x2  
  109  11:59  Nexus  
  109  12:00  Pylon  
  127  12:11  Probe x3  
  130  12:17  Zealot x5  
  130  12:18  Zealot  
  142  12:23  Probe  
  85  12:52  Stalker x2  
  85  12:53  Stalker x5  
  86  13:05  Probe  
  86  13:06  Probe x2  
  86  13:08  Assimilator  
  86  13:09  Zealot x2  
  86  13:10  Assimilator  
  93  13:15  Observer  
  93  13:18  Probe x3  
  97  13:25  Zealot x7  
  97  13:26  Protoss Shields Level 1  
  111  13:30  Probe x3  
  114  13:42  Probe  
  114  13:47  Probe x3  
  116  13:51  Assimilator  
  116  13:54  Probe  
  112  14:09  Stalker x4  
  106  14:10  Stalker x5  
  116  14:19  Probe x4  
  116  14:23  Assimilator  
  120  14:27  Assimilator  
  120  14:31  Probe x3  
  123  14:42  Photon Cannon  
  122  14:50  Stalker x5  
  122  14:51  Stalker x4  
  112  15:21  Stalker x8  
  98  15:22  Stalker  
  98  15:27  Pylon  
  112  15:29  Photon Cannon  
  112  15:34  Photon Cannon  
  112  15:57  Observer  
  112  16:12  Stalker x4  
  112  16:13  Stalker x2  
  124  16:20  Nexus  
  124  16:22  Pylon  
Tags
 
Add a new tag
Caveats
  • Supply blocks, unpowered buildings, or Contaminate may cause inaccurate times.
  • Supply counts are checked every 10 seconds.